Map: 16-Bit LE

Players

Texturace

  • Race: Terran Terran
  • League: Diamond
  • Spawn Location: 7:00

Temple - Winner!

  • Race: Protoss Protoss
  • Spawn Location: 1:00

VOD

Have the link to the VOD?

Description

Time

  • Played on: March 19, 2020, 6:47 p.m.
  • Length: 15:39
Show
View Real Time Build Order
Export as new Build Order

Texturace Terran 

Build Orders:  

Get SALT Encoding   

  12  0:00  SCV  
  13  0:12  SCV  
  14  0:18  Supply Depot  
  14  0:24  SCV  
  15  0:40  SCV  
  15  0:41  Barracks  
  16  0:45  Refinery  
  16  0:52  SCV  
  17  1:04  SCV  
  18  1:16  SCV  
  19  1:28  Orbital Command, Reaper  
  19  1:32  Supply Depot  
  21  1:54  SCV  
  21  2:00  Command Center, Barracks Reactor  
  21  2:06  SCV  
  22  2:17  Refinery  
  22  2:18  SCV  
  23  2:22  Factory  
  23  2:30  SCV  
  24  2:38  Marine x2  
  24  2:43  SCV  
  27  2:55  SCV  
  27  2:56  Marine  
  27  2:57  Marine  
  30  3:04  Barracks  
  30  3:06  Supply Depot  
  30  3:07  Barracks  
  30  3:08  Supply Depot  
  30  3:18  Starport  
  30  3:31  SCV  
  31  3:39  Marine x2  
  33  3:44  Orbital Command, Bunker  
  32  3:57  Marine x2  
  32  3:58  Barracks Tech Lab x2  
  34  4:09  Medivac  
  36  4:19  Marine x2  
  36  4:20  Marauder  
  36  4:21  Marauder  
  41  4:24  Stimpack  
  41  4:27  SCV x2  
  42  4:39  Medivac  
  43  4:46  SCV x2  
  45  4:55  Marauder, Marine x2  
  45  4:56  Marauder  
  45  4:58  SCV x2  
  53  5:09  Starport Reactor  
  53  5:10  SCV x2  
  55  5:16  Marine  
  55  5:17  Marauder x2, Marine  
  61  5:22  SCV  
  62  5:31  Supply Depot  
  62  5:32  Supply Depot  
  62  5:52  SCV, Marine x2  
  62  5:53  Medivac x2, Marauder x2  
  74  5:57  SCV  
  74  6:00  Supply Depot  
  74  6:01  Supply Depot  
  74  6:02  Supply Depot  
  72  6:05  SCV  
  67  6:19  Marine x2  
  67  6:20  Marauder x2  
  67  6:24  Command Center  
  67  6:25  Engineering Bay  
  73  6:26  Engineering Bay  
  73  6:27  Combat Shield  
  73  6:30  Concussive Shells  
  73  6:32  SCV x2  
  75  6:48  SCV x2  
  77  6:54  Supply Depot  
  77  6:55  Terran Infantry Armor Level 1, Terran Infantry Weapons Level 1  
  77  6:56  Supply Depot  
  77  7:00  Armory  
  77  7:02  SCV x2  
  79  7:14  SCV x2  
  81  7:21  Missile Turret  
  81  7:26  SCV  
  81  7:27  SCV  
  81  7:28  Refinery  
  83  7:30  Refinery  
  83  7:31  Marine x2  
  83  7:32  Marauder x2  
  83  7:33  Sensor Tower  
  89  7:39  Orbital Command, Barracks  
  89  7:41  Barracks  
  89  7:43  SCV  
  89  7:44  SCV  
  91  8:01  Supply Depot, SCV  
  91  8:02  SCV  
  91  8:03  Marine  
  91  8:04  Medivac x2, Marauder x2, Marine  
  103  8:12  SCV  
  104  8:13  SCV  
  105  8:23  Barracks  
  105  8:26  SCV x3  
  109  8:35  Barracks Tech Lab, Barracks Reactor  
  109  8:38  Barracks Reactor x2  
  109  8:40  Marine  
  109  8:41  Medivac x2, Marauder x2, Marine  
  92  8:58  Marine x2  
  90  9:03  SCV x3, Marauder x2  
  90  9:04  Terran Infantry Weapons Level 2  
  95  9:13  Barracks Reactor  
  95  9:14  Marine x3  
  95  9:15  SCV x3, Marine  
  95  9:16  Marine x2  
  104  9:23  Marine  
  104  9:24  Marine  
  106  9:33  SCV  
  106  9:34  SCV x2  
  106  9:36  Refinery x2  
  106  9:37  Marine x5  
  106  9:38  Marine  
  115  9:39  Viking x2  
  115  9:42  Starport, Marauder x2  
  115  9:43  Terran Ship Weapons Level 1  
  122  9:55  Marine x6  
  122  9:56  Marine x2  
  113  10:03  Marauder x2  
  102  10:09  Viking  
  102  10:12  Marine x2  
  102  10:13  Marine x5  
  102  10:14  Marine  
  97  10:25  Marauder x2  
  77  10:30  SCV x3, Marine x3  
  77  10:31  Marine x4  
  77  10:32  Marine  
  80  10:46  Marauder, Marine  
  80  10:48  Marine x3  
  83  10:56  Marine x4  
  78  10:57  Marine  
  78  11:00  Viking  
  78  11:02  Viking  
  78  11:04  Marauder  
  70  11:11  Marine x2  
  70  11:12  Marine  
  72  11:20  SCV x2  
  64  11:33  Marine  
  64  11:34  Marine x6  
  64  11:35  Marauder, Marine  
  64  11:36  Marauder  
  75  11:47  SCV x2  
  77  11:54  Supply Depot  
  77  11:55  Supply Depot  
  77  11:56  Supply Depot  
  77  12:08  Command Center  
  77  12:22  Viking x3  
  83  12:36  Marine x2  
  83  12:37  Marine x5  
  85  12:38  Marine  
  91  12:54  Sensor Tower  
  91  13:00  Marauder  
  93  13:10  Supply Depot  
  93  13:13  Supply Depot  
  93  13:20  Viking x2, Marauder  
  93  13:21  Viking  
  101  13:39  Marine x3  
  101  13:40  Marine x5  
  111  13:41  Marauder  
  111  13:45  Orbital Command  
  111  14:11  Command Center  
  111  14:16  Missile Turret  
  111  14:19  Marine x6  
  111  14:20  Marine x2  
  119  14:39  Viking x3  
  125  14:46  Supply Depot  
  125  14:49  Supply Depot  
  125  15:03  Marine x2  
  125  15:04  Marine x2  
  125  15:05  Marine x3  
  125  15:06  Marauder  
  124  15:07  Marauder  
  124  15:12  Marine  
  107  15:21  Marine x2  
Show
View Real Time Build Order
Export as new Build Order

Temple Protoss - Winner!

Build Orders:  

Get SALT Encoding   

  12  0:01  Probe  
  13  0:13  Probe  
  14  0:19  Pylon  
  14  0:25  Probe  
  15  0:37  Probe (Chrono Boost)  
  15  0:40  Gateway  
  16  0:49  Probe (Chrono Boost)  
  17  0:51  Assimilator  
  17  0:54  Probe (Chrono Boost)  
  18  1:02  Assimilator  
  19  1:04  Probe  
  19  1:16  Probe  
  20  1:25  Pylon  
  20  1:31  Probe  
  21  1:36  Zealot  
  21  1:38  Cybernetics Core  
  23  1:44  Probe  
  24  1:56  Probe  
  25  2:08  Probe  
  25  2:12  Stalker (Chrono Boost)  
  25  2:14  Warp Gate  
  27  2:20  Probe  
  28  2:41  Probe  
  29  2:52  Stalker (Chrono Boost)  
  29  2:54  Gateway  
  31  3:09  Nexus  
  31  3:26  Pylon  
  31  3:40  Gateway  
  31  3:43  Pylon  
  31  3:44  Probe, Stalker  
  31  3:45  Stalker  
  36  3:56  Probe  
  37  4:08  Probe  
  38  4:20  Probe  
  39  4:33  Probe  
  38  4:47  Stalker  
  38  4:48  Zealot  
  38  4:49  Sentry  
  44  4:56  Probe x2  
  46  5:09  Pylon  
  46  5:12  Zealot  
  46  5:13  Robotics Facility  
  48  5:31  Pylon  
  48  5:32  Probe x2  
  50  5:41  Forge  
  50  5:44  Probe x2  
  52  5:50  Zealot  
  52  5:51  Stalker  
  52  5:52  Stalker  
  52  5:57  Probe  
  59  6:09  Probe  
  56  6:13  Immortal  
  56  6:18  Forge  
  60  6:19  Probe  
  60  6:21  Probe  
  60  6:22  Protoss Ground Weapons Level 1 (Chrono Boost)  
  62  6:27  Pylon  
  62  6:29  Assimilator  
  62  6:31  Probe  
  63  6:35  Probe  
  63  6:38  Stalker  
  63  6:39  Zealot x2  
  70  6:42  Robotics Bay  
  70  6:43  Probe  
  71  6:54  Immortal (Chrono Boost)  
  71  6:55  Nexus  
  71  6:57  Pylon x2  
  71  6:58  Protoss Ground Armor Level 1 (Chrono Boost)  
  75  7:05  Gateway  
  75  7:06  Probe x2, Gateway  
  77  7:23  Assimilator  
  77  7:26  Photon Cannon  
  77  7:29  Colossus (Chrono Boost)  
  77  7:30  Photon Cannon  
  83  7:41  Assimilator  
  83  7:43  Stalker  
  85  7:44  Sentry, Zealot  
  85  7:50  Extended Thermal Lance (Chrono Boost)  
  89  7:53  Pylon  
  89  8:08  Observer (Chrono Boost)  
  90  8:18  Colossus (Chrono Boost)  
  96  8:41  Stalker  
  98  8:42  Zealot x3  
  91  9:02  Probe  
  91  9:03  Probe  
  91  9:05  Probe  
  91  9:09  Zealot x4  
  101  9:15  Probe x2  
  103  9:19  Twilight Council  
  103  9:23  Warp Prism (Chrono Boost)  
  105  9:37  Zealot x4  
  113  9:52  Colossus  
  86  10:30  Stalker x4  
  92  10:42  Colossus (Chrono Boost)  
  98  10:56  Stalker x2  
  92  10:57  Stalker x2  
  76  11:29  Colossus, Zealot x3  
  76  11:30  Zealot  
  72  11:54  Stalker x4  
  72  11:59  Probe x2  
  82  12:04  Charge (Chrono Boost)  
  82  12:13  Protoss Ground Armor Level 2 (Chrono Boost), Protoss Ground Weapons Level 2 (Chrono Boost)  
  82  12:19  Nexus  
  82  12:22  Probe, Pylon x2  
  83  12:23  Probe  
  83  12:27  Stalker x2  
  83  12:28  Stalker x2  
  92  12:35  Stargate  
  92  12:36  Stargate  
  92  12:38  Gravitic Boosters  
  92  12:45  Immortal  
  96  12:56  Gateway  
  96  12:59  Gateway  
  96  13:01  Gateway  
  96  13:04  Photon Cannon  
  96  13:06  Photon Cannon, Probe  
  97  13:14  Zealot x4  
  97  13:19  Probe  
  106  13:20  Blink  
  106  13:23  Warp Prism (Chrono Boost)  
  108  13:28  Pylon  
  108  13:29  Pylon  
  108  13:31  Probe  
  109  13:36  Gravitic Drive  
  109  13:39  Phoenix (Chrono Boost)  
  109  13:40  Phoenix (Chrono Boost)  
  113  13:43  Probe  
  113  13:47  Zealot x3  
  113  13:48  Zealot  
  122  13:49  Colossus  
  122  13:54  Gateway  
  128  13:55  Phoenix (Chrono Boost)  
  128  13:56  Probe x2, Phoenix (Chrono Boost), Gateway  
  128  13:57  Probe  
  128  13:58  Gateway  
  135  14:09  Probe  
  136  14:13  Stalker x2  
  136  14:14  Stalker x2  
  136  14:15  Sentry, Zealot  
  136  14:16  Sentry  
  150  14:20  Phoenix x2  
  150  14:21  Probe  
  155  14:45  Phoenix, Zealot x7  
Tags
 
League
Diamond
Matchup
PvT
Spawn Locations
Cross Positions
Add a new tag
Caveats
  • Supply blocks, unpowered buildings, or Contaminate may cause inaccurate times.
  • Supply counts are checked every 10 seconds.